[Event "*** Qualifier 4: Titled Tuesday 3|2 Blitz"]
[Site "Chess.com"]
[Date "2017.04.25"]
[Round "6"]
[White "Marcus_Harvey"]
[Black "GMHess"]
[Result "0-1"]
[WhiteElo "2505"]
[BlackElo "2570"]
[TimeControl "180+2"]
[EndTime "14:18:07 PDT"]
[Termination "GMHess won by resignation"]

1. e4 d6 2. d4 Nf6 3. f3 c6 4.
Be3 Nbd7 5. c4 e5 6. d5 Be7 7. Nc3 O-O 8. Bd3 cxd5 9. cxd5 a6 10. Nge2 Nh5 11. O-O Bg5 12. Qd2 h6 13. g4 Bxe3+ 14. Qxe3 Nhf6 15. b4 Qb6 16. Qxb6 Nxb6 17. Rab1 Bd7 18.
Rfc1 Rfc8 19. Kf2 Kf8 20. a3 Ke7 21. Ke3 Nc4+ 22. Bxc4 Rxc4 23. Nd1 Rxc1 24. Rxc1 a5 25. bxa5 Rxa5 26. Rc3 Bb5 27. Nc1 Nd7 28. Nd3 Bxd3 29.
Kxd3 Nc5+ 30. Kc2 b5 31. Ne3 g6 32. h4 Kd7 33. h5 Ra8 34. Kb1 Ke7 35. Kc2 Kf6 36. Kd1 Kg5 37. Ke2 Ra6 38. Kf2 Kh4 39. Nc2 gxh5 40. gxh5 Kxh5 41. Kg3 f5 42. exf5 Kg5 43.
Ne3 h5 44. Kf2 Ra8 45. Ke2 h4 46. Rc1 Rxa3 47. Rg1+ Kf6 48. Rg6+ Ke7 49. Rg7+ Kf8 50. Rh7 Ra2+ 51. Kd1 b4 52. Ng4 b3 53. Rh8+ Kf7 54. Rb8 Ra1+ 55. Kd2 h3 56. Rb6 h2 57. Nxh2 Ra2+ 58.
Kc3 Rc2+ 59. Kb4 Rxh2 60. Rxd6 b2 0-1

[Event "*** Qualifier 4: Titled Tuesday 3|2 Blitz"]
[Site "Chess.com"]
[Date "2017.04.25"]
[Round "6"]
[White "L3on4rdo"]
[Black "Gabrielian_Artur"]
[Result "1-0"]
[WhiteElo "2407"]
[BlackElo "2561"]
[TimeControl "180+2"]
[EndTime "14:18:12 PDT"]
[Termination "L3on4rdo won by resignation"]

1. Nf3 Nf6 2. g3 g6 3. b3 Bg7 4. Bb2 O-O 5. Bg2 d6 6. d4 Nbd7 7. O-O Re8 8. c4 e5 9. dxe5 Ng4 10. Qd2 dxe5 11. Rd1 c6 12. e4 Qc7 13. Nc3 Nc5 14.
h3 Nf6 15. b4 Ncxe4 16. Nxe4 Nxe4 17. Qe3 f5 18. c5 Be6 19. g4 Bd5 20. gxf5 gxf5 21. Nh4 Qf7 22. Kh1 f4 23. Qe2 Nf6 24.
Bxd5 Nxd5 25. Rg1 Kh8 26. Qe4 Re6 27. Nf3 Qh5 28. Kh2 Nf6 29. Qc4 Rae8 30. Rxg7 Qxf3 31. Rag1 R6e7 32. Rxe7 Rxe7 33. Qf1 Ne4 34. Qg2 Qxg2+ 35.
Rxg2 Nd2 36. Rg4 h5 37. Rxf4 Kh7 38. Rf5 Nc4 39. Bc1 Kg6 40. Rg5+ Kf6 41. Rxh5 Rd7 42. h4 Rd1 43. Bg5+ Kf5 44. Rh7 Ra1 45. Rxb7 Rxa2 46.
Kg3 Ra3+ 47. Kg2 e4 48. Rf7+ Ke6 49. Rf6+ Ke5 50. Rxc6 Ra2 51. Kg3 Ra3+ 52. Kg2 Ra2 53. Kg3 Ra3+ 54. Kg4 Ra1 55. Bf6+ Kd5 56. Bxa1 Kxc6 57.
h5 e3 58. fxe3 Nxe3+ 59. Kg5 Nc2 60. Bc3 a5 61. bxa5 Kxc5 62. h6 Ne1 63. Bxe1 1-0

[Event "*** Qualifier 4: Titled Tuesday 3|2 Blitz"]
[Site "Chess.com"]
[Date "2017.04.25"]
[Round "6"]
[White "ehrenfeld"]
[Black "LawrenceTrent"]
[Result "1/2-1/2"]
[WhiteElo "2370"]
[BlackElo "2390"]
[TimeControl "180+2"]
[EndTime "14:18:12 PDT"]
[Termination "Game drawn by agreement"]

1. e4 g6 2. d4 Bg7 3. Nc3 a6 4. Be3 b5 5. Bd3 Bb7 6. Nf3 d6 7. a4 b4 8. Ne2 Nd7 9. c3 c5 10. O-O Ngf6 11. Ng3 Ng4 12. Bf4 cxd4 13. cxd4 e5 14.
Bg5 Ngf6 15. Qd2 h6 16. Be3 Ng4 17. Qxb4 Qb8 18. Rac1 O-O 19. a5 h5 20. Bg5 Re8 21. Bc4 exd4 22. Rfd1 Nge5 23. Nxe5 Nxe5 24. Bf1 d5 25.
exd5 Bxd5 26. Qc5 Be6 27. Ne4 Nd7 28. Qa3 Bd5 29. Nd6 Re6 30. Nc4 Kh7 31. Be7 Qf4 32.
Bd6 Qg5 33. Qg3 Qh6 34. Nb6 Nxb6 35. axb6 h4 36. Qf4 g5 37. Bd3+ Kh8 38. Qf5 Rxd6 39. Rc8+ Rxc8 40. Qxc8+ Bf8 41. b7 Bxb7 42. Qxb7 Rb6 43. Qxf7 Rf6 44. Qd5 Rd6 45. Qe4 Rd8 46.
h3 Bg7 47. Re1 a5 48. Qf5 Rf8 49. Qxa5 Qf6 50. Qd2 Bh6 51. Qe2 Rf7 52. b4 Bf8 53. b5 Re7 54. Qh5+ Kg8 55. Rxe7 Bxe7 56. Qg6+ Qxg6 57. Bxg6 Bd8 58. Kf1 Kg7 59. Be4 Kf6 60. Ke2 Ke5 61. Bd3 Bb6 62. Kf3 Kf6 63. Kg4 Bc5 64. f4 gxf4 65. Kxf4 Bd6+ 66. Kg4 Bg3 67.
b6 Ke7 68. b7 Kd8 69. Be4 Kc7 70. Kf5 d3 71. Bxd3 Kxb7 72. Kg4 Kc7 1/2-1/2

[Event "*** Qualifier 4: Titled Tuesday 3|2 Blitz"]
[Site "Chess.com"]
[Date "2017.04.25"]
[Round "6"]
[White "ChessQueen"]
[Black "Yaacovn"]
[Result "1-0"]
[WhiteElo "2510"]
[BlackElo "2595"]
[TimeControl "180+2"]
[EndTime "14:18:15 PDT"]
[Termination "ChessQueen won by resignation"]

1. e4 c6 2. d4 d5 3. e5 Bf5 4. Nf3 e6 5. Be2 Ne7 6. O-O Bg6 7. Nbd2 Nf5 8. Nb3 Nd7 9. a4 a6 10. Re1 c5 11. c4 dxc4 12. Bxc4 Nb6 13.
Bd3 c4 14. Bxf5 Bxf5 15. Nc5 Bxc5 16. dxc5 Qxd1 17. Rxd1 Nd5 18. Rd4 Bd3 19. Ne1 Nb4 20. Rg4 h5 21. Nxd3 Nc2 22. Rxc4 Nxa1 23. Rc3 O-O-O 24.
Bg5 Rd4 25. b3 Nc2 26. h4 Nb4 27. Nb2 Nd5 28. Rf3 Rf8 29. Nc4 Kd7 30. Na5 Kc7 31. Rg3 Rg4 32. Rf3 f6 33. exf6 gxf6 34. Bd2 Rxh4 35. Nc4 Rd4 36. Bh6 Rg8 37. Ne3 f5 38. Nc4 Rdg4 39. g3 h4 40. Ne5 Re4 41. Nf7 hxg3 42.
fxg3 Rg6 43. Bd2 Rd4 44. Ba5+ Kb8 45. Ne5 Rg8 46. Nd7+ Kc8 47. Ne5 Rd1+ 48. Kf2 Rh8 49. Kg2 Rhh1 50. Rf2 Rhg1+ 51. Kf3 Rb1 52. Rh2 Rxb3+ 53. Kf2 b6 54. Rh8+ Kb7 55. Rh7+ Kc8 56. Rh8+ Kc7 57. Rh7+ Kc8 58. Rh8+ Kb7 59. Rh7+ Kc8 60.
Rh8+ Kc7 61. Bxb6+ Nxb6 62. cxb6+ Kd6 63. Nc4+ Kc5 64. Rc8+ Kd4 65. Kxg1 e5 66. a5 e4 67. Nd6 Ke3 68. Nxf5+ Kf3 69. Nd4+ Ke3 70. Nxb3 1-0

[Event "*** Qualifier 4: Titled Tuesday 3|2 Blitz"]
[Site "Chess.com"]
[Date "2017.04.25"]
[Round "6"]
[White "sergiochess83"]
[Black "yurisolo"]
[Result "1-0"]
[WhiteElo "2716"]
[BlackElo "2487"]
[TimeControl "180+2"]
[EndTime "14:18:58 PDT"]
[Termination "sergiochess83 won by resignation"]

1. e4 c5 2. Nf3 e6 3. d4 cxd4 4. Nxd4 Nc6 5. Nc3 d6 6. Be3 Nf6 7. Qe2 Nxd4 8. Bxd4 e5 9. Be3 a6 10.
O-O-O Be7 11. f3 O-O 12. g4 Be6 13. g5 Nh5 14. Rg1 Rc8 15. Nd5 Bxd5 16. Rxd5 Qd7 17. Kb1 g6 18. Qd2 Rc7 19. c3 Rfc8 20. Be2 b5 21. Bd1 Qh3 22. Qg2 Qxg2 23. Rxg2 Nf4 24.
Bxf4 exf4 25. a3 Rc5 26. Bb3 Kg7 27. Rg4 Rf8 28. Kc2 f6 29. gxf6+ Rxf6 30. Kd3 Rf8 31.
Rg2 h5 32. Rg1 Kh6 33. a4 g5 34. axb5 axb5 35. h3 Rxd5+ 36. Bxd5 Bf6 37. Ra1 Rb8 38. Ra7 Be5 39. Be6 Kg6 40. Bf5+ Kf6 41. Rh7 b4 42. Rh6+ Kf7 43. Rh7+ Kf6 44. Rh6+ Kf7 45. Rxh5 bxc3 46.
bxc3 Rb3 47. Rxg5 Rxc3+ 48. Ke2 Rc2+ 49. Ke1 Rc1+ 50. Kd2 Rh1 51. Bg4 Ke7 52. Rg6 Kf7 53. Rh6 Kg7 54. Rh5 Kg6 55. Kd3 Rh2 56. Kc4 Rh1 57.
Kd5 Rh2 58. Ke6 Rh1 59. Rf5 Ra1 60. h4 Ra7 61. h5+ Kg7 62. Rg5+ Kh7 63. Rf5 Kg7 64. Kd5 Rf7 65. Rg5+ Kh7 66. Rg6 Rf6 67. Rxf6 Bxf6 68. Kxd6 Kg7 69. e5 Bg5 70. Ke6 Kf8 71. Kf5 Bh6 72. e6 Ke7 73. Kg6 Bf8 74. h6 1-0

[Event "*** Qualifier 4: Titled Tuesday 3|2 Blitz"]
[Site "Chess.com"]
[Date "2017.04.25"]
[Round "6"]
[White "popov_m"]
[Black "VMikhalevski"]
[Result "0-1"]
[WhiteElo "2394"]
[BlackElo "2551"]
[TimeControl "180+2"]
[EndTime "14:19:35 PDT"]
[Termination "VMikhalevski won by resignation"]

1. c4 e5 2. g3 c6 3. d4 e4 4. d5 Bb4+ 5. Bd2 Qe7 6. a3 Bxd2+ 7.
Qxd2 cxd5 8. cxd5 d6 9. Nc3 Nf6 10. Bg2 O-O 11. Nh3 Nbd7 12. O-O Nc5 13. Rad1 Re8 14. b4 Ncd7 15. e3 Ne5 16. Ng5 Bg4 17. Rb1 Nf3+ 18. Nxf3 exf3 19. Bh1 Rac8 20. Rfc1 Nd7 21.
Nb5 a6 22. Nd4 Ne5 23. Rxc8 Rxc8 24. Rc1 Qd7 25. h3 Bxh3 26. Nxf3 Nc4 27. Qd3 b5 28. Nd4 h5 29. Nc6 Kh8 30. Qd4 Re8 31. Bf3 Qf5 32. Qf4 Qxf4 33. gxf4 g6 34. a4 Nd2 35. Bd1 Bf5 36. axb5 axb5 37. Bc2 Bg4 38. Bd3 Bf3 39. Bxb5 Bxd5 40. Nd4 Rb8 41. Rc2 Nf3+ 42. Nxf3 Rxb5 43.
Nd4 Rxb4 44. Kh2 Kg7 45. Kg3 Rb1 46. f3 Re1 47. Kf2 Rh1 48. Rc7 Rh2+ 49. Kg3 Rb2 50. e4 Rb7 51. Rc8 Ba2 52. Rd8 Rb6 53. Kh4 Kf6 54.
Kg3 Ke7 55. Ra8 Bc4 56. Ra7+ Kf6 57. Rc7 Ba6 58. Ra7 Bb7 59. Ra5 Rb4 60. Nc2 Rc4 61.
Ne3 Rd4 62. Rb5 Bc8 63. Nd5+ Kg7 64. Rb6 f5 65. Rxd6 fxe4 66. fxe4 Rxe4 67. Rd8 Be6 68. Nc7 Bf7 69. Rd7 Kf6 70. Rd6+ Kf5 71. Rd7 Bc4 72. Nb5 Rxf4 73. Nd6+ Kg5 74. Rd8 h4+ 75. Kh2 Be6 76. Re8 Bg4 77. Ne4+ Kf5 78. Nd6+ Kf6 79. Rf8+ Ke5 80.
Nc4+ Rxc4 0-1

[Event "*** Qualifier 4: Titled Tuesday 3|2 Blitz"]
[Site "Chess.com"]
[Date "2017.04.25"]
[Round "6"]
[White "kreonx"]
[Black "GulamaliRises"]
[Result "1-0"]
[WhiteElo "2238"]
[BlackElo "2457"]
[TimeControl "180+2"]
[EndTime "14:19:53 PDT"]
[Termination "kreonx won on time"]

1. e4 c5 2. Nc3 Nc6 3. g3 g6 4.
Bg2 Bg7 5. d3 d6 6. Be3 Nd4 7.
Qd2 e5 8. Nd1 h5 9. c3 Nc6 10.
h3 Be6 11. f4 h4 12. g4 exf4 13. Bxf4 d5 14. Bg5 Bf6 15. Bxf6 Nxf6 16. Nf2 Qd6 17.
g5 Nh5 18. Ne2 O-O-O 19. O-O-O d4 20. c4 Ng3 21. Rhg1 Ne5 22. Nf4 Qa6 23. Nxe6 fxe6 24. Kb1 Rdf8 25. Nh1 Nh5 26. Rgf1 Qd6 27. Rxf8+ Rxf8 28. Rf1 Rxf1+ 29. Bxf1 Qf8 30. Be2 Ng3 31. Qe1 Qf4 32.
Kc2 Qe3 33. Nxg3 hxg3 34. Qf1 Qf2 35. Qxf2 gxf2 36. Bf1 Nf3 37. Kd1 Nxg5 38. Ke2 e5 39. h4 Nh7 40. Bh3+ Kd8 41. Kxf2 Nf6 42. Kf3 Ke7 43.
Bc8 b6 44. Bg4 Kf7 45. Kg3 Kg7 46. Kf3 Kh6 47. Kg3 Ne8 48. a3 Nd6 49. Be6 a6 50.
a4 b5 51. axb5 axb5 52. cxb5 Nxb5 53. Bc4 Nd6 54. Bd5 Ne8 55. Be6 Nf6 56. Bg4 Ng8 57. Bd1 Ne7 58. Bb3 Nc6 59. Bc4 Nb4 60. Kg4 Nc2 61.
Kg3 Ne3 62. Be6 g5 63. hxg5+ Kxg5 64. Kf3 Nd1 65. Bb3 Nxb2 66. Ke2 Kf4 67. Kd2 Kf3 68. Kc2 Ke3 69. Kxb2 Kxd3 70. Bc2+ Kd2 71. Bb3 Ke3 72. Bd5 Kd2 73. Kb3 d3 74. Kc4 Kc2 75. Be6 d2 76.
Bg4 d1=Q 77. Bxd1+ Kxd1 78. Kxc5 Ke2 79. Kd5 Kf3 80. Kxe5 Ke3 81. Kf5 Kd4 82. e5 Kd5 83. Kf6 1-0

[Event "*** Qualifier 4: Titled Tuesday 3|2 Blitz"]
[Site "Chess.com"]
[Date "2017.04.25"]
[Round "6"]
[White "ChristopherYoo"]
[Black "Ilja_Semjonovs"]
[Result "0-1"]
[WhiteElo "2290"]
[BlackElo "2254"]
[TimeControl "180+2"]
[EndTime "14:20:28 PDT"]
[Termination "Ilja_Semjonovs won by resignation"]

1. e4 c5 2. Nf3 d6 3. d4 cxd4 4.
Nxd4 Nf6 5. Nc3 a6 6. f3 e5 7. Nb3 Be6 8. Be3 Be7 9. Qd2 O-O 10.
g4 a5 11. Bb5 Na6 12. O-O-O Nc7 13. g5 Nd7 14. a4 Nxb5 15. Nxb5 Ra6 16. h4 Qc8 17. Kb1 Qc4 18. Nc3 Nb6 19. Bxb6 Rxb6 20. Nd5 Bxd5 21. Qxd5 Qxa4 22. Qxa5 Qc6 23. Rd3 Ra6 24.
Rc3 Qd7 25. Rc7 Qe6 26. Qb5 Rfa8 27. Qxb7 Bf8 28. Qd5 Qe8 29. Rc4 Qd7 30. Rd1 Qa7 31. c3 Qe3 32. Qd3 Qf2 33. Nd2 Qxh4 34. Kc2 Qxg5 35.
Qe2 Rb8 36. Nb3 Rab6 37. Rb4 Rxb4 38. cxb4 Rxb4 39. Qd3 Qd8 40. Qc3 Rb8 41. Kb1 Qb6 42.
Nd2 Qa6 43. Nc4 Rc8 44. b3 Rb8 45. Kb2 Qa7 46. Rd2 h6 47. Qd3 Qc5 48. Ne3 Ra8 49. Nc4 Qa7 50. Qd5 Qa1+ 51. Kc2 Ra2+ 52. Kd3 Rxd2+ 53.
Nxd2 Qa6+ 54. Qc4 Qb7 55. Qd5 Qb4 56. Qc4 Qb8 57. b4 d5 58. Qxd5 Bxb4 59. Nc4 Bf8 60. Nxe5 Qc7 61. Nc6 Qd6 62. Kc4 Qxd5+ 63. exd5 Bd6 64.
Nd4 g6 65. Kb5 Kf8 66. Kc6 Be5 67. Nb5 h5 68. d6 h4 69. Kc7 h3 70. Na7 h2 71. Nc6 Bxd6+ 72. Kxd6 h1=Q 73. Ne5 Qd1+ 74.
Kc5 Ke7 75. Nc6+ Kf6 76. Nd4 Qd3 77. Kd5 Kg5 78. Ke5 Qe3+ 79. Kd5 Kf4 80. Kc4 Qc1+ 81. Kd3 Qb1+ 82. Kd2 f5 83. Kc3 Qc1+ 84. Kd3 Qe3+ 85. Kc4 g5 86. Kd5 g4 87. fxg4 fxg4 88. Ne6+ Kg3 89.
Nd4 Kh3 90. Nf5 Qf3+ 91. Ke6 Qxf5+ 92. Kxf5 g3 93. Kf4 g2 94. Ke5 g1=Q 95. Kf5 Qe3 96. Kf6 Kg4 97. Kg6 Qe6+ 98. Kg7 Kg5 99. Kh8 Qe7 100. Kg8 Kg6 0-1

[Event "*** Qualifier 4: Titled Tuesday 3|2 Blitz"]
[Site "Chess.com"]
[Date "2017.04.25"]
[Round "6"]
[White "nonscitis"]
[Black "wnstop"]
[Result "1/2-1/2"]
[WhiteElo "2338"]
[BlackElo "2459"]
[TimeControl "180+2"]
[EndTime "14:22:36 PDT"]
[Termination "Game drawn - insufficient material"]

1. e4 c5 2. Nf3 Nc6 3. d4 cxd4 4.
Nxd4 e5 5. Nb5 d6 6. N5c3 Nf6 7. Nd2 Be7 8. Be2 O-O 9. O-O Nd4 10. Nb3 Nxe2+ 11. Qxe2 Be6 12. Rd1 a6 13. Bg5 Qc7 14.
Bxf6 Bxf6 15. Nd5 Bxd5 16. Rxd5 Rac8 17. c3 Bg5 18. Rad1 Rfd8 19. Qg4 Be7 20. h4 g6 21. h5 Qc4 22. hxg6 hxg6 23. R1d3 Kg7 24. Rg3 Rh8 25.
Nd2 Qxa2 26. Qd7 Bh4 27. Rxg6+ Kxg6 28. Qf5+ Kg7 29. Qg4+ Kh7 30. Qxh4+ Kg7 31. Qg4+ Kh7 32. Rxd6 Qa1+ 33. Nf1 Qc1 34. Rd3 Rc6 35. Qf5+ Kg7 36.
Qxe5+ Kh7 37. Qf5+ Kg7 38. Rg3+ Rg6 39. Qe5+ Kg8 40. Rxg6+ fxg6 41. Qb8+ Kg7 42. Qxb7+ Kh6 43. Qc7 Qxb2 44. Qf4+ Kg7 45. Qe5+ Kg8 46. Qe6+ Kg7 47.
Qxa6 Qxc3 48. Qe6 Qd4 49. Qe7+ Kg8 50. Qe6+ Kg7 51. Qe7+ Kh6 52. Qh4+ Kg7 53. Qe7+ Kg8 54. Qe8+ Kh7 55. Qf7+ Qg7 56. Qf3 Rf8 57. Qh3+ Kg8 58. Qe6+ Qf7 59. Qxf7+ Kxf7 60. f3 Kf6 61. Kf2 Ra8 62. Kg3 Ra3 63. Nd2 Rc3 64. Nf1 Ke5 65. Nh2 Kf6 66. Kf4 Rc2 67. Ng4+ Ke6 68. g3 Rc8 69. Kg5 Rc3 70. Kf4 Rc8 71. Ne3 Rf8+ 72. Kg4 Ke5 73. Nd5 Kd4 74. Nf4 Ke3 75. e5 g5 76.
Kxg5 Kxf3 77. Nh5 Rg8+ 78. Kf6 Rh8 79. Kg6 Rg8+ 80. Kf7 Rg5 81. Nf6 Rxe5 82. g4 Kf4 83. Kg6 Ra5 84. Nd7 Kxg4 85. Kf6 Kf4 86. Ke6 Ra6+ 87. Ke7 Kf5 88. Nc5 Rc6 89. Nd7 Rh6 90. Nc5 Rb6 91. Nd7 Rc6 92. Nb8 Rc7+ 93. Nd7 Ra7 94. Kd6 Ra6+ 95. Ke7 Kg5 96. Kf7 Ra7 97. Ke7 Kf4 98. Kd6 Ke4 99. Kc6 Ra6+ 100. Kb5 Rd6 101. Nc5+ Kd5 102. Nb3 Rh6 103. Kb4 Rh3 104. Na5 Rd3 105. Nb3 Re3 106. Na5 Re1 107. Nb3 Kc6 108. Nd4+ Kd5 109. Nb3 Rb1 110. Kc3 Rxb3+ 111. Kxb3 1/2-1/2

[Event "*** Qualifier 4: Titled Tuesday 3|2 Blitz"]
[Site "Chess.com"]
[Date "2017.04.25"]
[Round "7"]
[White "MateusViageiro"]
[Black "FearlessKing64"]
[Result "0-1"]
[WhiteElo "2260"]
[BlackElo "2102"]
[TimeControl "180+2"]
[EndTime "14:25:04 PDT"]
[Termination "FearlessKing64 won by resignation"]

1. e4 c5 2. Nf3 d6 3. d4 cxd4 4.
Nxd4 Nf6 5. Nc3 a6 6. Be3 e5 7. Nb3 Be6 8. f3 Be7 9. Qd2 O-O 10. O-O-O Nbd7 11. g4 b5 12. g5 b4 13. Nd5 Nxd5 14.
exd5 Bf5 15. Na5 Qxa5 16. Kb1 Rfc8 17. Bd3 Bxd3 18. Qxd3 Nc5 19. Qe2 Na4 20. h4 Rab8 21. h5 Nc3+ 22. bxc3 bxc3+ 23. Ka1 Rb2 0-1

[Event "*** Qualifier 4: Titled Tuesday 3|2 Blitz"]
[Site "Chess.com"]
[Date "2017.04.25"]
[Round "7"]
[White "GMBenjaminBok"]
[Black "Astaneh"]
[Result "1-0"]
[WhiteElo "2635"]
[BlackElo "2475"]
[TimeControl "180+2"]
[EndTime "14:26:10 PDT"]
[Termination "GMBenjaminBok won by checkmate"]

1. Nf3 Nf6 2. g3 g6 3. Bg2 Bg7 4. c4 O-O 5. Nc3 c6 6. d4 d5 7. cxd5 cxd5 8. Ne5 Nfd7 9. Nxd7 Bxd7 10. Bxd5 Nc6 11. O-O Bxd4 12. Bh6 Bg7 13. Bxg7 Kxg7 14. Qb3 Rb8 15. Rfd1 Qe8 16. Rac1 e6 17. Bg2 e5 18.
Ne4 Nd4 19. Qe3 Bb5 20. Rxd4 exd4 21. Qxd4+ f6 22. Rc7+ Kh8 23. Nxf6 Rc8 24. Rxh7# 1-0

[Event "*** Qualifier 4: Titled Tuesday 3|2 Blitz"]
[Site "Chess.com"]
[Date "2017.04.25"]
[Round "7"]
[White "MasterLeif"]
[Black "r31415"]
[Result "1-0"]
[WhiteElo "2309"]
[BlackElo "2189"]
[TimeControl "180+2"]
[EndTime "14:26:16 PDT"]
[Termination "MasterLeif won by checkmate"]

1. d4 d6 2. e4 Nf6 3. Nc3 g6 4.
Nf3 Bg7 5. Be2 O-O 6. O-O c6 7. a4 Qc7 8. Bf4 Nh5 9. Be3 Nd7 10.
d5 Nhf6 11. Qd2 Rd8 12. Bh6 Bh8 13. Rfe1 Nc5 14. dxc6 bxc6 15. Bc4 Bg4 16. e5 dxe5 17. Nxe5 Rxd2 18. Bxf7# 1-0

[Event "*** Qualifier 4: Titled Tuesday 3|2 Blitz"]
[Site "Chess.com"]
[Date "2017.04.25"]
[Round "7"]
[White "Enzy63"]
[Black "pawnwonder"]
[Result "1-0"]
[WhiteElo "2020"]
[BlackElo "1846"]
[TimeControl "180+2"]
[EndTime "14:26:27 PDT"]
[Termination "Enzy63 won by resignation"]

1. d4 Nf6 2. Nf3 g6 3. c4 Bg7 4. g3 O-O 5. Bg2 d6 6. O-O c5 7. Nc3 Nc6 8. dxc5 dxc5 9. Bf4 Bg4 10. Ne5 Nxe5 11. Bxe5 Qb6 12. h3 Be6 13. b3 Rad8 14.
Qc2 Bf5 15. e4 Nxe4 16. Bxg7 Kxg7 17. Nxe4 1-0

[Event "*** Qualifier 4: Titled Tuesday 3|2 Blitz"]
[Site "Chess.com"]
[Date "2017.04.25"]
[Round "7"]
[White "DryCounty"]
[Black "theprosecution1"]
[Result "1/2-1/2"]
[WhiteElo "2491"]
[BlackElo "2602"]
[TimeControl "180+2"]
[EndTime "14:27:26 PDT"]
[Termination "Game drawn by repetition"]

1. Nf3 Nf6 2. c4 Nc6 3. g3 e5 4. d3 Bc5 5. Bg2 h6 6. O-O d6 7.
Nc3 a6 8. e3 O-O 9. d4 Ba7 10.
b3 Bf5 11. Bb2 Qd7 12. dxe5 dxe5 13. Qxd7 Nxd7 14. Nd5 Rac8 15. Nxe5 Ndxe5 16. Bxe5 Nxe5 17. Ne7+ Kh7 18. Nxf5 g6 19. Ne7 Rb8 20. Rad1 c6 21. f4 Ng4 22. Rd7 Bxe3+ 23. Kh1 Nf2+ 24. Kg1 Ng4+ 25. Kh1 Nf2+ 26. Kg1 Ng4+ 27. Kh1 1/2-1/2

[Event "*** Qualifier 4: Titled Tuesday 3|2 Blitz"]
[Site "Chess.com"]
[Date "2017.04.25"]
[Round "7"]
[White "XDPS"]
[Black "Grootneus"]
[Result "1-0"]
[WhiteElo "2526"]
[BlackElo "2118"]
[TimeControl "180+2"]
[EndTime "14:28:11 PDT"]
[Termination "XDPS won by checkmate"]

1. e4 c5 2. Nf3 Nc6 3. Bb5 Nf6 4.
Bxc6 dxc6 5. d3 Bg4 6. h3 Bxf3 7.
Qxf3 e5 8. Nc3 Be7 9. O-O O-O 10. Qe2 Ne8 11. f4 exf4 12. Bxf4 Nc7 13. Bxc7 Qxc7 14. Rf5 Bf6 15. Raf1 Bd4+ 16. Kh1 Bxc3 17. bxc3 c4 18. d4 b5 19. e5 Rae8 20. Qg4 Qa5 21. e6 f6 22. Rxf6 Rxf6 23. Rxf6 Qxc3 24. Rf7 g6 25. Qh4 h5 26. Qf6 Qa1+ 27. Kh2 Qxd4 28. Qxg6+ Kh8 29. Qh7# 1-0

[Event "*** Qualifier 4: Titled Tuesday 3|2 Blitz"]
[Site "Chess.com"]
[Date "2017.04.25"]
[Round "7"]
[White "Blitzstream"]
[Black "Winehouse83"]
[Result "1-0"]
[WhiteElo "2446"]
[BlackElo "2261"]
[TimeControl "180+2"]
[EndTime "14:28:17 PDT"]
[Termination "Blitzstream won by resignation"]

1. g3 Nf6 2. Bg2 g6 3. b3 Bg7 4.
Bb2 O-O 5. d3 d5 6. Nd2 Bg4 7. h3 Bc8 8. e3 c5 9. Ne2 Nc6 10. O-O e5 11. Kh2 Be6 12. e4 Qd7 13. f4 d4 14. Nf3 Nh5 15. Ng5 exf4 16. gxf4 f5 17. Nxe6 Qxe6 18. e5 Rf7 19. Ng1 Nb4 20.
Bc1 Nd5 21. Qf3 Bh6 22. Qxd5 1-0

[Event "*** Qualifier 4: Titled Tuesday 3|2 Blitz"]
[Site "Chess.com"]
[Date "2017.04.25"]
[Round "7"]
[White "Outsmiter"]
[Black "Ibtihal24"]
[Result "1-0"]
[WhiteElo "2036"]
[BlackElo "1460"]
[TimeControl "180+2"]
[EndTime "14:28:22 PDT"]
[Termination "Outsmiter won by checkmate"]

1. e4 c5 2. Nc3 Nc6 3. f4 d6 4.
Nf3 Bg4 5. Bb5 Nf6 6. Bxc6+ bxc6 7. O-O d5 8. e5 Ne4 9. d3 Nxc3 10. bxc3 Bxf3 11.
Qxf3 e6 12. f5 Be7 13. fxe6 f6 14. exf6 Bxf6 15. Qh5+ g6 16. Qg4 O-O 17. Bh6 Re8 18. Rae1 Qe7 19. Qf3 Bg7 20. Qf7+ Kh8 21. Bxg7# 1-0

[Event "*** Qualifier 4: Titled Tuesday 3|2 Blitz"]
[Site "Chess.com"]
[Date "2017.04.25"]
[Round "7"]
[White "cailinchetty"]
[Black "aa175"]
[Result "1-0"]
[WhiteElo "1944"]
[BlackElo "1800"]
[TimeControl "180+2"]
[EndTime "14:28:58 PDT"]
[Termination "cailinchetty won on time"]

1. e4 e5 2. Nf3 Nc6 3. Bb5 Nf6 4.
O-O Bc5 5. Re1 O-O 6. c3 d6 7.
h3 a6 8. Ba4 b5 9. Bb3 Na5 10.
Bc2 Bb7 11. b4 d5 12. bxc5 dxe4 13. Nxe5 Qd5 14. Ng4 Nh5 15. Ne3 Qxc5 16. Ba3 Qg5 17. Bxf8 Nf4 18. Qg4 Qxg4 19. Nxg4 Rxf8 20. Bxe4 Re8 21.
Bxh7+ Kxh7 22. Rxe8 Bxg2 23. Na3 Bxh3 24. Ne3 Be6 25.
Kh2 Nc6 26. Ng2 Nd3 27. Kg3 1-0

[Event "*** Qualifier 4: Titled Tuesday 3|2 Blitz"]
[Site "Chess.com"]
[Date "2017.04.25"]
[Round "7"]
[White "dhanushbharadwaj"]
[Black "woodhy"]
[Result "0-1"]
[WhiteElo "2445"]
[BlackElo "2399"]
[TimeControl "180+2"]
[EndTime "14:29:03 PDT"]
[Termination "woodhy won by resignation"]

1. Nf3 e6 2. c4 d5 3. b3 Nf6 4. g3 Be7 5. Bg2 O-O 6. O-O Bd7 7.
Bb2 a5 8. d3 a4 9. Nbd2 c5 10.
Rc1 d4 11. Ne5 Qc7 12. Nxd7 Nbxd7 13. Qc2 axb3 14. axb3 Ra2 15. Ra1 Rfa8 16. Rxa2 Rxa2 17. Ra1 Rxa1+ 18. Bxa1 Qa5 19. Bb2 b6 20. h3 Nb8 21.
Qc1 Nfd7 22. g4 Bg5 23. b4 Qxb4 24. Qa1 Bxd2 25. Qa7 Qxb2 26. Qc7 Qc1+ 27. Bf1 g6 0-1

[Event "*** Qualifier 4: Titled Tuesday 3|2 Blitz"]
[Site "Chess.com"]
[Date "2017.04.25"]
[Round "7"]
[White "yurisolo"]
[Black "Gabix_94"]
[Result "1-0"]
[WhiteElo "2494"]
[BlackElo "2439"]
[TimeControl "180+2"]
[EndTime "14:29:04 PDT"]
[Termination "yurisolo won by checkmate"]

1. e4 c5 2. Nf3 e6 3. d4 cxd4 4.
Nxd4 Nf6 5. Nc3 Qb6 6. Nb3 Bb4 7.
Qe2 d6 8. Bd2 O-O 9. O-O-O a5 10. a3 Bxc3 11. Bxc3 e5 12. Nd2 Be6 13. Nc4 Qc5 14.
Nxd6 Nc6 15. Nxb7 Qe7 16. Nd6 Rfd8 17. Nf5 Rxd1+ 18. Qxd1 Qc5 19. f3 Bxf5 20. exf5 Nd5 21. Qd2 Rc8 22. Bd3 Nd4 23. Re1 f6 24. Bxd4 exd4 25. Re4 Ne3 26. Kb1 Rb8 27. Be2 Rd8 28. Rxe3 Qxc2+ 29. Kxc2 Kh8 30. Qxd4 Rd5 31. Re8# 1-0

[Event "*** Qualifier 4: Titled Tuesday 3|2 Blitz"]
[Site "Chess.com"]
[Date "2017.04.25"]
[Round "7"]
[White "djogrodek1"]
[Black "Mbneu"]
[Result "1-0"]
[WhiteElo "2373"]
[BlackElo "2173"]
[TimeControl "180+2"]
[EndTime "14:29:08 PDT"]
[Termination "djogrodek1 won on time"]

1. e4 e5 2. Nf3 Nc6 3. Bc4 Nf6 4.
d3 Bc5 5. O-O h6 6. c3 a6 7. Bb3 Ba7 8. Nbd2 d6 9. Re1 Bg4 10.
h3 Bh5 11. Nf1 Qd7 12. Ng3 Bg6 13. Nh4 O-O-O 14. Ba4 Bh7 15. b4 d5 16. Qb3 dxe4 17. dxe4 Qd3 18. Bxc6 Qxg3 19. Be3 Bxe3 20. Rxe3 Qxh4 21.
b5 a5 22. Qxf7 Rhf8 23. Qe6+ Kb8 24. Bxb7 Nxe4 25. Qa6 Qxf2+ 26. Kh1 c5 27. b6 Ng3+ 28. Kh2 1-0

[Event "*** Qualifier 4: Titled Tuesday 3|2 Blitz"]
[Site "Chess.com"]
[Date "2017.04.25"]
[Round "7"]
[White "DiogenesSinopeus"]
[Black "swayamsm"]
[Result "0-1"]
[WhiteElo "2256"]
[BlackElo "2421"]
[TimeControl "180+2"]
[EndTime "14:29:38 PDT"]
[Termination "swayamsm won by checkmate"]

1. d4 Nf6 2. c4 e6 3. Nc3 Bb4 4.
e3 b6 5. Ne2 Ba6 6. Ng3 O-O 7.
e4 d5 8. cxd5 Bxf1 9. Kxf1 Bxc3 10. bxc3 exd5 11. e5 Ne4 12. Ne2 c5 13. h4 cxd4 14.
cxd4 f6 15. Ba3 fxe5 16. Bxf8 Qxf8 17. f3 Nc6 18. Kg1 Nf6 19. Rc1 Qd6 20. Qc2 Nxd4 21.
Nxd4 exd4 22. Qc6 Qf8 23. Kh2 Re8 24. Rhd1 Qe7 25. Re1 Ng4+ 26. Kg3 Ne3 27. Qc7 Nf5+ 28. Kh3 Qxh4# 0-1

[Event "*** Qualifier 4: Titled Tuesday 3|2 Blitz"]
[Site "Chess.com"]
[Date "2017.04.25"]
[Round "7"]
[White "AkshatChandra"]
[Black "biostatistician"]
[Result "1-0"]
[WhiteElo "2678"]
[BlackElo "2454"]
[TimeControl "180+2"]
[EndTime "14:29:55 PDT"]
[Termination "AkshatChandra won by resignation"]

1. d4 Nf6 2. Nf3 g6 3. Nc3 Bg7 4. e4 d6 5. h3 O-O 6. Be2 e5 7. dxe5 dxe5 8. Qxd8 Rxd8 9. Bg5 Re8 10. O-O-O Nc6 11. Bb5 h6 12. Bxf6 Bxf6 13. Nd5 Bd8 14. Nb4 Rf8 15. Bxc6 bxc6 16. Nxc6 Bf6 17. Nfxe5 Re8 18.
f4 Bb7 19. Rhe1 Re6 20. Nd4 Ra6 21. Kb1 Re8 22. Ndf3 Ra4 23. c4 Bxe5 24. Nxe5 f6 25. Nd7 Kf7 26. Nc5 Rb4 27. Rd7+ Re7 28. Rxe7+ Kxe7 29. a3 Rb6 30. Kc2 Bc8 31. Kc3 g5 32. f5 a5 33. b4 axb4+ 34. axb4 Rd6 35. g4 1-0